 Dungeon Crawl Stone Soup version 0.31-a0-174-g85c54bcb58 (webtiles) character file.

Game seed: 17710984222668889903

72 qw the Shooter (level 4, -2/28 HPs)
             Began as a Gargoyle Hunter on June 15, 2023.
             Slain by Natasha (3 damage)
             ... on level 2 of the Dungeon.
             The game lasted 00:00:25 (882 turns).

qw the Shooter (Gargoyle Hunter)                     Turns: 882, Time: 00:00:26

Health: -2/28      AC:  9    Str: 14    XL:     4   Next: 25%
Magic:  4/4        EV: 11    Int: 10    God:
Gold:   150        SH:  0    Dex: 15    Spells: 3/3 levels left

rFire   . . .        Y - +0 shortbow
rCold   . . .        (shield currently unavailable)
rNeg    + . .        c - +0 leather armour
rPois   inf          e - +1 hat
rElec   +            (no cloak)
rCorr   .            (no gloves)
SInv    .            (no boots)
Will    .....        (no amulet)
Stlth   ++           (no ring)
HPRegen 0.24/turn    (no ring)
MPRegen 0.09/turn

%: no passive effects
@: slowed, very slow
A: sickness immunity, AC +3, negative energy resistance 1, electricity
resistance, torment resistance 1, petrification resistance, horns 1, iridescent
scales 1
a: no special abilities


You were on level 2 of the Dungeon.
You visited 1 branch of the dungeon, and saw 2 of its levels.

You collected 150 gold pieces.


Innate Abilities, Weirdness & Mutations

You are immune to sickness and miasma.
Your stone body is resilient. (AC +3)
You are immune to poison.
You resist negative energy. (rN+)
You are resistant to electric shocks. (rElec)
You are resistant to unholy torment.
You are immune to petrification.
You have a pair of small horns on your head.
You are partially covered in iridescent scales. (AC +2)


   Skills:
 - Level 3.3 Fighting
 + Level 5.1 Ranged Weapons
 - Level 1.5 Dodging
 - Level 1.1 Stealth


You had 3 spell levels left.
You didn't know any spells.
Your spell library was empty.

Inventory:

Hand Weapons
 Y - a +0 shortbow (weapon)
Armour
 c - a +0 leather armour (worn)
 e - a +1 hat (worn)
Jewellery
 a - a ring of fire
Potions
 d - a potion of mutation
 i - a potion of haste {unknown}
 j - a potion of invisibility {unknown}

Dungeon Overview and Level Annotations

Branches:
Dungeon (2/15)

Altars:

Annotations:
D:2 Natasha


Message History

Natasha stares at you and mumbles some strange words.
You feel as though you will be slow longer.
The adder bites you but does no damage. Natasha claws you.
You shoot an arrow. The arrow hits the adder!
You kill the adder!
Natasha barely misses you.
You shoot an arrow. The arrow misses Natasha.
Natasha barely misses you. Natasha casts a spell at you.
You feel as though you will be slow longer.
The quokka barely misses you.
You shoot an arrow. The arrow hits Natasha.
Natasha is lightly wounded.
Natasha barely misses you. The quokka barely misses you.
Natasha stares at you and mumbles some strange words.
The magic dart hits you but does no damage.
You shoot an arrow. The arrow barely misses Natasha.
The quokka barely misses you. Natasha claws you!
The quokka bites you but does no damage.
Natasha claws you but does no damage. The quokka barely misses you.
You shoot an arrow.
The arrow hits Natasha but does no damage.
Natasha is lightly wounded.
The quokka barely misses you. Natasha claws you.
The quokka bites you but does no damage.
You shoot an arrow. The arrow hits Natasha.
Natasha is lightly wounded.
Natasha closely misses you.
The quokka bites you but does no damage.
Natasha mumbles some strange words.
The quokka barely misses you.
You shoot an arrow. The arrow hits Natasha.
Natasha is heavily wounded.
The quokka bites you. Natasha casts a spell at you. The magic dart hits you.
The cerulean imp hits you but does no damage.
The quokka bites you but does no damage.
Natasha claws you.
You die...

##...... #.......
########### #.......
#.........# #.......
#.........# #.......
#.........#######.......
#.......................
..%...5...#######.......
......%@..# #..<......
......hr.###....#.......
.............####.(...%.
..........## #.......
..$.......# ##......
..........# #......
..........# ...#####
........... #####


You could see Natasha, a cerulean imp (summoned) and a quokka.

Vanquished Creatures
  Natasha (D:2)
  An adder (D:2)
  A dart slug (D:1)
  3 endoplasms (D:1)
  2 giant cockroaches
  4 goblins (D:1)
  2 hobgoblins (D:1)
  4 jackals (D:1)
  A quokka (D:1)
  6 ball pythons
  2 bats (D:1)
  5 frilled lizards
  2 kobolds (D:1)
  3 rats (D:1)
37 creatures vanquished.

Notes
Turn   | Place    | Note
-------+----------+-------------------------------------------
     0 | D:1      | qw the Gargoyle Hunter began the quest for the Orb.
     0 | D:1      | Reached XP level 1. HP: 12/12 MP: 1/1
     0 | D:1      | 0 ||| qw: Version: 0.2-a-29-g511e9b1
     0 | D:1      | 0 ||| qw: Game counter: 5424
     0 | D:1      | 0 ||| qw: Always use a shield: true
     0 | D:1      | 0 ||| qw: God list: Okawaru
     0 | D:1      | 0 ||| qw: Allow faded altars: false
     0 | D:1      | 0 ||| qw: Do Orc after D:15 true
     0 | D:1      | 0 ||| qw: Do second Lair branch before Depths: true
     0 | D:1      | 0 ||| qw: Lair rune preference: random
     0 | D:1      | 0 ||| qw: Plans: Normal, Zot:1-4, Slime:5, God:TSO, Crypt,
                  | Tomb, Abyss, Pan, Hells, Win
     0 | D:1      | 0 ||| PLANNING D:1-11
    49 | D:1      | Reached XP level 2. HP: 17/17 MP: 2/2
   230 | D:1      | 230 ||| READING scroll labelled IPTIP JYRAE.
   236 | D:1      | Reached XP level 3. HP: 20/21 MP: 3/3
   262 | D:1      | Reached skill level 5 in Ranged Weapons
   748 | D:1      | 748 ||| UPGRADING to +1 hat.
   753 | D:1      | 753 ||| READING scroll labelled UNKERUNEDY.
   754 | D:1      | 754 ||| READING scroll labelled KEICWAH XEKHLON.
   755 | D:1      | 755 ||| READING scroll labelled AHACHIO FACS.
   756 | D:1      | 756 ||| DRINKING 2 metallic inky potions.
   756 | D:1      | Gained mutation: You have a pair of small horns on your
                  | head. [potion of mutation]
   756 | D:1      | Gained mutation: You are partially covered in iridescent
                  | scales. (AC +2) [potion of mutation]
   757 | D:1      | 757 ||| DROPPING scroll of butterflies.
   809 | D:2      | Noticed Natasha
   818 | D:2      | Killed Natasha
   819 | D:2      | Reached skill level 3 in Fighting
   819 | D:2      | Reached XP level 4. HP: 19/28 MP: 4/4
   868 | D:2      | Noticed Natasha
   880 | D:2      | HP: 7/28 [Natasha (5)]
   882 | D:2      | HP: 1/28 [Natasha/magic dart (4)]
   882 | D:2      | Slain by Natasha

Levels and vault maps discovered:
D:1:      erik_arrival_cave_to_civilisation [erik_arrival_cave_to_hall],
          layout_basic, serial_glass, glass_columns_a, glass_columns_c,
          glass_columns_a, glass_columns_a
D:2:      layout_rooms, nicolae_ecumenical_snake_handling, uniq_natasha,
          uniq_crazy_yiuf_cottage

Skill      XL: |  1  2  3 |
---------------+----------+-----
Ranged Weapons | 5 |  5.1
Fighting       | 3 |  3.3
Dodging        | |  1.5
Stealth        | |  1.1

Action                     |  1- 3 |  4- 6 || total
---------------------------+-------+-------++-------
   Fire: Shortbow          |    93 |    16 ||   109
    Use: Scroll            |     4 |       ||     4
         Potion            |     1 |       ||     1
 Armour: Leather armour    |    21 |    11 ||    32
  Dodge: Dodged            |    39 |    18 ||    57

Table legend:
 A = Non-vault XP
 B = Vault XP
 C = Vault XP percentage of total XP
 D = Non-vault monster count
 E = Vault monster count
 F = Vault count percentage of total count
                 A         B        C        D         E       F
            +---------+---------+-------+---------+---------+-------
      Total |      64 |      39 |  37.9 |      32 |       5 |  13.5
            +---------+---------+-------+---------+---------+-------
        D:1 |      46 |       4 |   8.0 |      28 |       2 |   6.7
        D:2 |      18 |      35 |  66.0 |       4 |       3 |  42.9
            +---------+---------+-------+---------+---------+-------
